 Dungeon Crawl Stone Soup version 0.26-a0-976-gd3b5134375 (webtiles) character file.

Game seed: 7580825194415030516

2490 KristoblXynda the Nimble (level 9, -17/44 HPs)
             Began as a Spriggan Berserker on Dec 4, 2020.
             Was a Priest of Trog.
             Killed from afar by a steam dragon (19 damage)
             ... with a ball of steam
             ... on level 7 of the Dungeon on Dec 5, 2020.
             The game lasted 00:11:12 (9463 turns).

KristoblXynda the Nimble (Spriggan Berserker)       Turns: 9463, Time: 00:11:13

Health: -17/44     AC:  5    Str: 13    XL:     9   Next: 27%
Magic:  10/10      EV: 26    Int: 10    God:    Trog [***...]
Gold:   292        SH:  5    Dex: 17    Spells: 8/8 levels left

rFire    . . .     SeeInvis +   q - +4 dagger
rCold    . . .     Faith    .   (shield restricted)
rNeg     . . .     Spirit   .   b - +0 animal skin
rPois    .         Reflect  +   (helmet restricted)
rElec    .         Harm     .   k - +2 cloak
rCorr    .         Rampage  .   (gloves unavailable)
MR       +....                  (boots unavailable)
Stlth    ++++......             l - amulet of reflection
HPRegen  0.14/turn              (no ring)
MPRegen  0.12/turn              (no ring)

@: berserk cooldown, slowed, quick
A: very small, unfitting armour, see invisible, speed 3
a: Berserk, Trog's Hand, Renounce Religion


You were on level 7 of the Dungeon.
You worshipped Trog.
Trog was most pleased with you.
You visited 2 branches of the dungeon, and saw 8 of its levels.

You collected 445 gold pieces.
You spent 153 gold pieces at shops.

Inventory:

Hand Weapons
 q - a +4 dagger (weapon)
Armour
 b - a +0 animal skin (worn)
 k - a +2 cloak (worn)
Jewellery
 l - an amulet of reflection (around neck)
Wands
 i - a wand of digging (7)
 w - a wand of disintegration (9)
Scrolls
 c - 2 scrolls of amnesia
 f - 2 scrolls of enchant weapon {unknown}
 h - 7 scrolls of remove curse
 p - a scroll of fog
 s - 3 scrolls of teleportation
 t - 2 scrolls of enchant armour
 u - a scroll of magic mapping
 y - a scroll of fear {unknown}
Potions
 a - a potion of lignification {unknown}
 d - a potion of haste {unknown}
 e - 3 potions of curing
 j - 2 potions of resistance
 m - 2 potions of mutation
 n - 3 potions of invisibility
 o - a potion of might {unknown}
 r - a potion of berserk rage {unknown}
 v - 2 potions of heal wounds {unknown}
 x - a potion of ambrosia


   Skills:
 - Level 3.0 Fighting
 + Level 7.7 Short Blades
 + Level 10.1 Dodging
 + Level 9.2 Stealth
 + Level 7.7 Evocations


You had 8 spell levels left.
You didn't know any spells.
Your spell library contained the following spells:

 Spells                   Type           Power        Failure   Level
 Animate Skeleton         Necr           #.....       36%         1
 Apportation              Tloc           #.....       36%         1
 Corona                   Hex            #......      36%         1
 Summon Small Mammal      Summ           #...         36%         1


Dungeon Overview and Level Annotations

Branches:
Dungeon (7/15)             Temple (1/1) D:6

Altars:
Ashenzari
Cheibriados
Elyvilon
Gozag
Hepliaklqana
Kikubaaqudgha
Makhleb
Okawaru
Qazlal
Ru
Sif Muna
Trog
Wu Jian
Xom
Yredelemnul
Zin
The Shining One

Shops:
D:4 ?   D:5 :


Innate Abilities, Weirdness & Mutations

You are very small and have problems with some larger weapons.
You are too small for most types of armour.
You have supernaturally acute eyesight. (SInv)
You cover ground extremely quickly.


Message History

The steam dragon breathes steam at you. The ball of steam hits you!!
You hear an angry hiss.
You hear a bark! x2
You hit the steam dragon but do no damage.
The steam dragon is lightly wounded.
You are engulfed in a cloud of scalding steam.
* * * LOW HITPOINT WARNING * * *
You block the steam dragon's attack. The steam dragon completely misses you.
You hit the steam dragon but do no damage.
The steam dragon is lightly wounded.
You are engulfed in a cloud of scalding steam.
* * * LOW HITPOINT WARNING * * *
The steam dragon completely misses you.
The steam dragon claws you but does no damage.
You barely miss the steam dragon.
The steam dragon is lightly wounded.
You are engulfed in a cloud of scalding steam.
The steam dragon breathes steam at you. The ball of steam hits you!!
You die...

#.# #.#
#.# #†#
###†###
#.§§..#
#.#.#.#
#.#§#.#
# #@# #
#D# ...
####.
.. .#
.# .


You could see a steam dragon (catching breath).

Vanquished Creatures
  Pikel (D:5)
  A moth of wrath (D:4)
  A phantom (D:4)
  An ice beast (D:6)
  A sky beast (D:5)
  3 ogres (D:5)
  2 centaurs (D:5)
  A bullfrog (D:6)
  3 scorpions
  5 wights (D:4)
  A howler monkey (D:4)
  Crazy Yiuf (D:6)
  2 orc priests
  2 worker ants
  5 orc wizards
  2 hound zombies
  A howler monkey zombie (D:5)
  4 gnolls (D:6)
  6 adders
  A shadow imp (D:5)
  3 white imps
  4 oozes
  2 adder skeletons (D:5)
  2 worms
  2 dart slugs
  4 leopard geckos
  11 orcs
  10 giant cockroaches
  8 goblins
  3 hobgoblins
  14 jackals
  5 kobolds
  2 quokkas
  A ball python (D:3)
  6 bats
  A frilled lizard (D:3)
  A jackal skeleton (D:4)
  A jackal zombie (D:5)
  14 rats
138 creatures vanquished.

Vanquished Creatures (others)
  4 fungi (D:6)
4 creatures vanquished.

Grand Total: 142 creatures vanquished

Notes
Turn   | Place    | Note
-------+----------+-------------------------------------------
     0 | D:1      | KristoblXynda the Spriggan Berserker began the quest for
                  | the Orb.
     0 | D:1      | Reached XP level 1. HP: 11/11 MP: 2/2
   427 | D:1      | Reached XP level 2. HP: 9/16 MP: 3/3
   818 | D:1      | Reached skill level 5 in Dodging
   873 | D:1      | Reached XP level 3. HP: 17/19 MP: 4/4
   876 | D:1      | Upgraded the game from 0.26-a0-969-g2c58977ddd to
                  | 0.26-a0-976-gd3b5134375
  2160 | D:3      | Reached ** piety under Trog
  2271 | D:3      | Found a broken altar of Ashenzari.
  2568 | D:3      | Reached XP level 4. HP: 24/24 MP: 5/5
  2742 | D:3      | Reached skill level 1 in Evocations
  3485 | D:3      | Reached skill level 1 in Stealth
  4062 | D:3      | Found an iron altar of Okawaru.
  4314 | D:4      | Noticed a moth of wrath
  4316 | D:4      | Found a bloodstained altar of Trog.
  4509 | D:4      | Killed a moth of wrath
  4510 | D:4      | Reached skill level 5 in Short Blades
  4510 | D:4      | Reached skill level 7 in Dodging
  4510 | D:4      | Reached XP level 5. HP: 28/28 MP: 6/6
  4510 | D:4      | Reached XP level 6. HP: 32/32 MP: 7/7
  4683 | D:4      | Reached XP level 7. HP: 36/36 MP: 8/8
  4718 | D:4      | Found a glowing golden altar of the Shining One.
  4800 | D:4      | Found Midaett's Magic Scroll Emporium.
  4806 | D:4      | Bought a scroll of enchant armour for 82 gold pieces
  4806 | D:4      | Bought a scroll of teleportation for 33 gold pieces
  4806 | D:4      | Bought a scroll of magic mapping for 38 gold pieces
  5166 | D:4      | Reached skill level 5 in Stealth
  5519 | D:4      | Reached skill level 5 in Evocations
  5570 | D:4      | Reached skill level 8 in Dodging
  5724 | D:5      | Entered Level 5 of the Dungeon
  5728 | D:5      | Noticed Pikel
  5743 | D:5      | Killed Pikel
  5744 | D:5      | Reached XP level 8. HP: 40/40 MP: 9/9
  6042 | D:5      | Reached skill level 9 in Dodging
  6223 | D:5      | Found a glowing silver altar of Zin.
  6795 | D:5      | Reached *** piety under Trog
  6807 | D:5      | Found Xyoss's Book Emporium.
  6817 | D:5      | Reached XP level 9. HP: 44/44 MP: 10/10
  7887 | D:6      | Found a sacrificial altar of Ru.
  8174 | D:6      | Reached skill level 10 in Dodging
  8578 | D:6      | Found an opulent altar of Gozag.
  8626 | D:6      | Found a staircase to the Ecumenical Temple.
  8731 | D:6      | Found a runed translucent door.
  8732 | D:6      | Noticed Crazy Yiuf
  8739 | D:6      | Killed Crazy Yiuf
  8979 | Temple   | Entered the Ecumenical Temple
  9462 | D:7      | HP: 2/44 [steam dragon] (11)]
  9463 | D:7      | Killed from afar by a steam dragon

Illustrated notes

Levels and vault maps discovered:
D:1:      lemuel_arrival_river_bridge, layout_rooms, serial_aquarium,
          aquarium_bridge_square [aquarium_subvault_balcony,
          aquarium_subvault_window, aquarium_subvault_bridge,
          aquarium_subvault_balcony], aquarium_window_2, aquarium_window_1,
          aquarium_window_corner, aquarium_view_2g, minmay_cupped
D:2:      layout_loops_ring, serial_co_window_serial, co_window_paths_a,
          co_window_corner_a, co_window_paths_b, co_window_corner_a,
          co_window_paths_a, co_window_paths_c, co_window_broadway_b,
          co_window_of_opportunity_c, co_window_4corner_a, glass_columns_a
D:3:      layout_loops_ring, nicolae_overflow_crystal_walls,
          lemuel_coloured_pillars_altar, serial_co_window_serial,
          co_window_corner_a, co_window_of_opportunity_a, co_window_paths_b,
          co_window_paths_a, co_window_corner_a, co_window_corner_a,
          co_window_paths_b, co_window_of_opportunity_b,
          co_window_unsneaky_path_b, co_window_broadway_a,
          co_window_unsneaky_path_b, co_window_unsneaky_path_e,
          co_window_cross_3, glass_columns_a, st_stairs_14
D:4:      layout_loops_ring, marbit_many_paths, serial_shops, shop, tgw_trog
D:5:      minmay_opposing_rooms, layout_basic, lemuel_doored_altar,
          serial_shops, nicolae_shop_statue_plus, uniq_pikel
D:6:      layout_rooms, kennysheep_mini_moat, general_overflow_altar,
          lemuel_temple_firewalk_a, uniq_crazy_yiuf_cottage
D:7:      kennysheep_six_static_rooms, layout_basic
Temple:   minmay_temple_curvy_loop

Skill      XL: |  1  2  3  4  5  6  7  8  9 |
---------------+----------------------------+-----
Dodging        | 5 7 8 9 10 | 10.1
Fighting       | 3 |  3.0
Short Blades   | 4 5 6 7 |  7.7
Evocations     | 3 6 7 |  7.7
Stealth        | 4 7 8 9 |  9.2

Action                   |  1- 3 |  4- 6 |  7- 9 || total
-------------------------+-------+-------+-------++-------
Melee: Short sword       |   152 |    53 |       ||   205
       Dagger            |    32 |    37 |   304 ||   373
Invok: Berserk           |     4 |     4 |    13 ||    21
Evoke: Wand              |       |     1 |       ||     1
  Use: Scroll            |     1 |     3 |     7 ||    11
 Stab: Sleeping          |     2 |     2 |     9 ||    13
       Distracted        |       |       |     1 ||     1
Armor: Animal skin       |    15 |     5 |    12 ||    32
Dodge: Dodged            |   152 |    62 |   168 ||   382
Block: Other             |       |     7 |    43 ||    50
       Reflection        |       |       |     2 ||     2

Table legend: (Time is in decaauts)
 A = Elapsed time spent in this place.
 B = Non-inter-level travel time spent in this place.
 C = Inter-level travel time spent in this place.
 D = Time resting spent in this place.
 E = Time spent auto-exploring this place.
 F = Levels seen in this place.
 G = Mean time per level.
                   A        B        C        D        E       F      G
               +--------+--------+--------+--------+--------+-----+--------+
         Total |   7743 |   7616 |    127 |   4093 |   2435 |   8 |  967.9 |
       Dungeon |   7611 |   7498 |    113 |   4093 |   2318 |   7 | 1087.3 |
        Temple |    132 |    119 |     13 |      0 |    117 |   1 |  132.0 |
               +--------+--------+--------+--------+--------+-----+--------+

Top non-repeatable levels by time:
     D:3: 1691 daAuts
     D:5: 1613 daAuts
     D:4: 1345 daAuts
     D:6: 1251 daAuts
     D:1: 951 daAuts
     D:2: 714 daAuts
  Temple: 132 daAuts
     D:7: 44 daAuts
